AoeStats
← Launger

MegaRandom

508549426Analyzed
4v4 RM · 10d ago on Sep 23, 2026· 36m 36s· 8 players
Game mode
Random Map
Map size
Large (8 player)
Population
200
Speed
Normal
Resources
Standard
Victory
Conquest
Starting age
Dark Age
Ending age
Imperial Age
RankedLock teamsTeams togetherTeam positionsShared explorationLock speedFull tech treeHidden civsTurbo modeCheats
Victory
Defeat
🇦🇷 Muisca · Argentina
1370
+9
🇨🇱 Persians · Chile
1338
+11
🇲🇽 Mongols · Mexico
1259
+14
🇲🇽 Khmer · Mexico
1155
+18
🇺🇸 Vikings · United States
1254
-15
🇧🇪 Portuguese · Belgium
1210
-13
🇹🇼 Huns · Taiwan
1205
-13
🇵🇱 Vietnamese · Poland
1176
-11
Pished
9:17 Feudal Age
8:53 Loom
10:37 Double-Bit Axe
13:55 Fletching
15:54 Horse Collar
20:18 Padded Archer Armor
23:40 Castle Age
22:07 Gold Mining
22:56 Town Watch
23:45 Crossbowman
24:22 Bodkin Arrow
24:49 Bow Saw
26:22 Ballistics
28:58 Heavy Plow
34:07 Scale Mail Armor
34:17 Forging
noumha
10:59 Feudal Age
10:20 Loom
16:30 Castle Age
16:49 Horse Collar
22:56 Forging
24:20 Fervor
24:29 Husbandry
24:40 Bloodlines
29:19 Iron Casting
29:14 Pikeman
CyanCheese20019
11:12 Feudal Age
11:39 Loom
15:51 Castle Age
14:29 Double-Bit Axe
15:46 Fletching
26:57 Wheelbarrow
27:26 Bodkin Arrow
30:56 Hand Cart
32:02 Pikeman
33:16 Bow Saw
Launger
10:19 Feudal Age
8:40 Loom
13:22 Double-Bit Axe
16:52 Castle Age
20:03 Bow Saw
19:57 Fletching
26:16 Wheelbarrow
26:38 Wheelbarrow
26:46 Crossbowman
27:33 Thumb Ring
28:10 Gold Mining
31:03 Bodkin Arrow
31:09 Padded Archer Armor
36:00 Stone Mining
Sonaron Disparos
5:07 Loom
8:31 Feudal Age
9:40 Double-Bit Axe
16:04 Forging
17:43 Fletching
18:56 Padded Archer Armor
22:18 Castle Age
21:01 Stone Mining
21:03 Gold Mining
20:54 Horse Collar
23:34 Forging
24:19 Scale Barding Armor
25:04 Bow Saw
26:39 Iron Casting
27:43 Gold Shaft Mining
32:39 Chain Barding Armor
34:28 Bloodlines
34:28 Bodkin Arrow
34:58 Husbandry
35:50 Wheelbarrow
39:26 Imperial Age
Twitch.tv/WES_XL
3:32 Loom
9:12 Feudal Age
12:05 Double-Bit Axe
16:31 Scale Barding Armor
16:47 Horse Collar
19:08 Wheelbarrow
23:09 Castle Age
21:12 Gold Mining
21:58 Bloodlines
22:29 Forging
24:15 Chain Barding Armor
24:16 Bow Saw
27:00 Husbandry
29:24 Iron Casting
32:05 Fletching
38:20 Imperial Age
36:12 Stone Mining
36:58 Gold Shaft Mining
MaximoMGM
6:47 Loom
10:09 Feudal Age
12:31 Horse Collar
14:50 Bloodlines
14:29 Double-Bit Axe
20:53 Forging
21:30 Scale Barding Armor
24:15 Castle Age
24:36 Wheelbarrow
23:52 Gold Mining
24:07 Light Cavalry
25:18 Chain Barding Armor
25:27 Husbandry
35:56 Iron Casting
35:55 Heavy Plow
36:14 Bow Saw
[ESTG] MasterChetoz
7:08 Loom
9:06 Feudal Age
10:52 Champi Runner
18:08 Scale Mail Armor
18:27 Double-Bit Axe
18:23 Horse Collar
19:01 Forging
19:43 Town Watch
28:44 Castle Age
28:10 Fletching
28:33 Gold Mining
29:07 Stone Mining
28:48 Champi Warrior
29:29 Squires
29:58 Chain Mail Armor
31:03 Iron Casting
34:07 Wheelbarrow
Connection lost

Rejoining the realm…

Still unreachable

The connection could not be restored.

Session expired

The server has moved on; the page needs a fresh start.